 Seeded DCSS version 0.24.1-14-gf8d2b509d9 (webtiles) character file.

Game seed: 20230987, levelgen mode: deterministic

219 Mickster the Ruffian (level 5, 41/41 HPs)
             Began as a Minotaur Wanderer on Feb 15, 2023.
             Starved to death
             ... on level 3 of the Dungeon.
             The game lasted 00:40:41 (4012 turns).

Mickster the Ruffian (Minotaur Wanderer)            Turns: 4012, Time: 00:40:42

Health: 41/41      AC:  8    Str: 21    XL:     5   Next: 64%
Magic:  5/5        EV:  8    Int:  9    God:
Gold:   90         SH:  4    Dex: 12    Spells: 6/6 levels left

rFire    . . .     SeeInvis .   r - +2 mace (crush)
rCold    . . .     Gourm    .   k - +0 buckler
rNeg     . . .     Faith    .   n - +0 chain mail
rPois    .         Spirit   .   (helmet restricted)
rElec    .         Reflect  .   (no cloak)
rCorr    .         Harm     .   (no gloves)
MR       .....                  (no boots)
Stlth    ..........             (no amulet)
HPRegen  0.13/turn              h - +6 ring of strength
MPRegen  0.09/turn              (no ring)

@: fainting
A: retaliatory headbutt, horns 2
a: no special abilities


You were on level 3 of the Dungeon.
You were fainting.

You visited 1 branch of the dungeon, and saw 3 of its levels.

You collected 90 gold pieces.

Inventory:

Hand Weapons
 a - a +0 club
 b - a +0 hand axe
 f - a +0 dagger
 i - a +0 spear
 r - a +2 mace of crushing (weapon)
Missiles
 j - 45 bolts
 l - 7 boomerangs (quivered)
Armour
 d - a +0 robe
 k - a +0 buckler (worn)
 n - a +0 chain mail (worn)
 q - a +0 scale mail
Jewellery
 h - a +6 ring of strength (left hand)
Scrolls
 g - a scroll of identify
 o - 2 scrolls of teleportation
Potions
 c - 2 potions of lignification
 e - 3 potions of haste
 m - a potion of resistance
 p - 2 potions of berserk rage


   Skills:
 + Level 2.1 Fighting
 + Level 0.9 Short Blades
 * Level 1.5 Maces & Flails
 - Level 3.1 Polearms
 + Level 1.0 Armour
 + Level 2.0 Dodging
 + Level 2.4 Stealth
 + Level 2.0 Shields
 - Level 4.0 Unarmed Combat
 + Level 1.0 Spellcasting
   Level 1.2 Charms


You had 6 spell levels left.
You didn't know any spells.
Your spell library was empty.

Dungeon Overview and Level Annotations

Branches:
Dungeon (3/15)

Altars:
Dithmenos
Elyvilon
Okawaru


Innate Abilities, Weirdness & Mutations

You reflexively headbutt those who attack you in melee.
You have a pair of horns on your head.


Message History

The bat barely misses you. The bat hits you but does no damage. x7
The bat barely misses you.
You can move again.
You sock the bat!
You kill the bat!
Found a ring mail.
p - 2 potions of berserk rage
There are no items here.
You see here a ring mail.
Unknown command.
You see here a ring mail.
You lose consciousness!
You can move again.
Found a stone staircase leading up.
Found 22 stones.
You see here 22 stones.
Found 17 stones.
You have starved to death.
You die...

.#.#######################
........[................#
.#......###############.##
.#...........# #.#
.#......####.# #.#
.#......# #.# #......# #.#
#.#..### #.##########.#
#.#.#### #....@.....#.#
#......# ##########.#.#
###†##.# #.#.# ....#.#
#.#.# ###..#.##### #.#.# #
#..#...((## #.#.# #
#..#.###((# #.#.# #
#..#.####(## ####.#.#
####..#.##.(((####..#.#.#


There were no monsters in sight!

Vanquished Creatures
  An orc priest (D:3)
  An orc wizard (D:3)
  A worker ant (D:2)
  A gnoll (D:3)
  4 adders
  2 oozes (D:1)
  2 dart slugs
  2 leopard geckos
  5 orcs (D:3)
  5 bats
  4 giant cockroaches (D:1)
  6 goblins
  9 hobgoblins
  4 jackals (D:3)
  10 kobolds
  A quokka (D:3)
  2 ball pythons (D:3)
  7 frilled lizards
  5 rats
72 creatures vanquished.

Notes
Turn   | Place    | Note
-------+----------+-------------------------------------------
     0 | D:1      | Mickster the Minotaur Wanderer began the quest for the Orb.
     0 | D:1      | Mickster set off with the following items: a +0 club, a
                  | potion of berserk rage, 2 potions of lignification, a +0
                  | robe, a potion of haste, a +0 dagger, a ration
     0 | D:1      | Reached XP level 1. HP: 16/16 MP: 1/1
   557 | D:1      | Reached XP level 2. HP: 21/23 MP: 2/2
   618 | D:1      | Reached skill level 4 in Unarmed Combat
  1173 | D:1      | Reached skill level 1 in Polearms
  1457 | D:1      | Reached XP level 3. HP: 21/28 MP: 3/3
  1956 | D:2      | Found a shadowy altar of Dithmenos.
  2170 | D:2      | Found a white marble altar of Elyvilon.
  2281 | D:2      | Reached skill level 1 in Dodging
  2521 | D:2      | Reached XP level 4. HP: 24/36 MP: 4/4
  2857 | D:3      | HP: 2/54 [orc/+0 club (4)]
  2858 | D:3      | Reached XP level 5. HP: 2/41 MP: 5/5
  3756 | D:3      | Reached skill level 1 in Maces & Flails
  3790 | D:3      | Reached skill level 1 in Armour
  3860 | D:3      | Found an iron altar of Okawaru.
  3902 | D:3      | Paralysed by fainting for 9 turns
  3943 | D:3      | Paralysed by fainting for 8 turns
  4012 | D:3      | Starved to death

Levels and vault maps discovered:
D:1:      psy_arrival_basics, layout_loops_corners, minmay_misc_feat_rows
D:2:      layout_basic, nicolae_overflow_crystal_walls, lemuel_round_altar
D:3:      layout_basic, okawaru_altar_gauntlet_db

Skill      XL: |  1  2  3  4  5 |
---------------+----------------+-----
Unarmed Combat | 4 |  4.0
Polearms       | 1 2 3 |  3.1
Stealth        | 2 |  2.4
Dodging        | 1 2 |  2.0
Fighting       | 2 |  2.1
Maces & Flails | 1 |  1.5
Armour         | 1 |  1.0
Shields        | 2 |  2.0
Short Blades   | |  0.9
Spellcasting   | |  1.0
Charms         | |  1.2

Action                   |  1- 3 |  4- 6 || total
-------------------------+-------+-------++-------
Melee: Dagger            |    12 |       ||    12
       Club              |     4 |       ||     4
       Headbutt          |    14 |     7 ||    21
       Spear             |    71 |    35 ||   106
       Mace              |       |    59 ||    59
  Use: Scroll            |     5 |     2 ||     7
       Potion            |     2 |     1 ||     3
 Stab: Sleeping          |     2 |       ||     2
  Eat: Ration            |     1 |     1 ||     2
Armor: Robe              |    15 |       ||    15
       Ring mail         |    17 |     2 ||    19
       Chain mail        |       |    72 ||    72
       Scale mail        |       |     4 ||     4
Dodge: Dodged            |    46 |    68 ||   114
Block: Buckler           |    11 |    26 ||    37
